 Dungeon Crawl Stone Soup version 0.22-a0-346-ga714374 (webtiles) character file.

520 xccam the Skirmisher (level 7, 0/60 HPs)
             Began as a Gnoll Wanderer on Apr 5, 2018.
             Was a Follower of Cheibriados.
             Slain by an ogre
             ... wielding a +0 giant club
              (29 damage)
             ... on level 5 of the Dungeon on Apr 6, 2018.
             The game lasted 00:23:47 (3741 turns).

xccam the Skirmisher (Gnoll Wanderer)               Turns: 3741, Time: 00:23:48

Health: 0/60       AC:  8    Str: 17    XL:     7   Next: 21%
Magic:  10/10      EV: 11    Int: 19    God:    Cheibriados [*.....]
Gold:   250        SH:  0    Dex: 15    Spells: 10/10 levels left

rFire    . . .     SeeInvis .   v - +2 dagger (freeze)
rCold    . . .     Gourm    .   (no shield)
rNeg     . . .     Faith    .   q - +0 scale mail
rPois    .         Spirit   .   m - +0 helmet
rElec    .         Reflect  .   g - +0 cloak
rCorr    .         Harm     .   (no gloves)
MR       .....                  (no boots)
Stlth    ++........             (no amulet)
HPRegen  0.20/turn              (no ring)
MPRegen  0.12/turn              (no ring)

@: very slow
A: distributed training, fangs 1, strong nose
a: Bend Time, Renounce Religion


You were on level 5 of the Dungeon.
You worshipped Cheibriados.
Cheibriados was aware of your devotion.
You were not hungry.

You visited 2 branches of the dungeon, and saw 6 of its levels.

You collected 250 gold pieces.

Inventory:

Hand Weapons
 c - a +0 falchion
 t - a cursed -2 hand axe
 v - a +2 dagger of freezing (weapon)
 y - a +0 long sword
Missiles
 h - 10 javelins (quivered)
Armour
 a - a +0 chain mail
 g - a +0 cloak (worn)
 j - a +0 plate armour
 m - a +0 helmet (worn)
 q - a +0 scale mail (worn)
Wands
 s - a wand of paralysis (17)
 u - a wand of iceblast (9)
Scrolls
 d - 6 scrolls of teleportation
 e - a scroll of enchant armour {unknown}
 l - 3 scrolls of remove curse {unknown}
 p - 3 scrolls of amnesia {unknown}
 w - 2 scrolls of noise {unknown}
 x - a scroll of magic mapping {unknown}
Potions
 b - a potion of heal wounds
 i - a potion of magic
 k - a potion of lignification
 n - a potion of cancellation
 z - a potion of curing
 A - a potion of might
 B - a potion of brilliance {unknown}
Comestibles
 f - 7 rations
 o - 3 chunks of flesh


   Skills:
 + Level 7.0 Fighting
 + Level 3.5 Short Blades
 + Level 3.5 Long Blades
 + Level 2.3 Axes
 + Level 2.3 Maces & Flails
 + Level 2.3 Polearms
 + Level 2.3 Staves
 + Level 2.3 Slings
 + Level 2.3 Bows
 + Level 2.3 Crossbows
 + Level 2.3 Throwing
 + Level 2.3 Armour
 + Level 3.5 Dodging
 + Level 6.4 Stealth
 + Level 3.5 Shields
 + Level 2.3 Unarmed Combat
 + Level 2.3 Spellcasting
 + Level 1.8 Conjurations
 + Level 1.8 Hexes
 + Level 1.8 Charms
 + Level 1.8 Summonings
 + Level 1.8 Necromancy
 + Level 1.8 Translocations
 + Level 1.8 Transmutations
 + Level 1.8 Fire Magic
 + Level 1.8 Ice Magic
 + Level 1.8 Air Magic
 + Level 1.8 Earth Magic
 + Level 1.8 Poison Magic
 + Level 2.5 Invocations
 + Level 2.3 Evocations


You had 10 spell levels left.
You didn't know any spells.

Dungeon Overview and Level Annotations

Branches:
Dungeon (5/15)             Temple (1/1) D:4

Altars:
Ashenzari
Cheibriados
Dithmenos
Elyvilon
Fedhas
Gozag
Hepliaklqana
Kikubaaqudgha
Makhleb
Nemelex Xobeh
Okawaru
Sif Muna
Trog
Uskayaw
Vehumet
Wu Jian
Xom
Yredelemnul
Zin
The Shining One


Innate Abilities, Weirdness & Mutations

Your experience applies equally to all skills.
You have very sharp teeth.
Your uncanny sense of smell can sniff out nearby items.


Message History

You hit the ogre but do no damage. Your bite misses the ogre.
The ogre is moderately wounded.
The ogre hits you with a giant club!
You are too injured to fight recklessly!
You are too injured to fight recklessly!
You are too injured to fight recklessly!
You are too injured to fight recklessly!
You are too injured to fight recklessly!
You are too injured to fight recklessly!
You are too injured to fight recklessly!
You are too injured to fight recklessly!
You are too injured to fight recklessly!
You are too injured to fight recklessly!
You are too injured to fight recklessly!
You hit the ogre. You freeze the ogre.
The ogre is heavily wounded.
You hit the ogre. You freeze the ogre.
The ogre is severely wounded.
The ogre hits you with a giant club!!
You die...

#.....#..... #....
#.....#...[. #....
###........... #.>..
.............. . #..h.
##.........## ..#..%h
#....._...# ##'....
#.........#
.......########.........##
+.....hbO@................
#......#################.#
....... #.. .##.... ∆
#####. #..Z. #..... ......
#..... .###... #..... ∆
.... #..... #.....


You could see an ogre, a jackal and a bat.

Vanquished Creatures
  A scorpion (D:4)
  2 crimson imps (D:5)
  3 hounds
  A worker ant (D:4)
  A killer bee zombie (D:5)
  15 adders
  An adder zombie (D:5)
  7 worms
  A dart slug (D:1)
  5 leopard geckos
  5 orcs
  A ball python (D:3)
  4 bats
  5 giant cockroaches
  8 goblins
  8 hobgoblins
  17 jackals
  A quokka (D:3)
  7 frilled lizards
  6 kobolds
  10 rats
109 creatures vanquished.

Notes
Turn   | Place    | Note
-------+----------+-------------------------------------------
     0 | D:1      | xccam the Gnoll Wanderer began the quest for the Orb.
     0 | D:1      | xccam set off with: a +2 dagger, a potion of heal wounds, a +0 falchion, a scroll of teleportation, a +0 robe, a ration
     0 | D:1      | Reached XP level 1. HP: 23/23 MP: 1/1
   103 | D:1      | Reached XP level 2. HP: 15/29 MP: 2/2
   691 | D:2      | Reached XP level 3. HP: 35/35 MP: 3/3
   715 | D:1      | Reached skill level 1 in Invocations
   858 | D:1      | Reached skill level 1 in Axes
   858 | D:1      | Reached skill level 1 in Maces & Flails
   858 | D:1      | Reached skill level 1 in Polearms
   858 | D:1      | Reached skill level 1 in Staves
   858 | D:1      | Reached skill level 1 in Slings
   858 | D:1      | Reached skill level 1 in Bows
   858 | D:1      | Reached skill level 1 in Crossbows
   858 | D:1      | Reached skill level 1 in Throwing
   858 | D:1      | Reached skill level 1 in Armour
   858 | D:1      | Reached skill level 1 in Unarmed Combat
   858 | D:1      | Reached skill level 1 in Spellcasting
   858 | D:1      | Reached skill level 1 in Evocations
   865 | D:1      | Reached XP level 4. HP: 28/41 MP: 5/5
  1183 | D:2      | Found a glowing golden altar of the Shining One.
  1480 | D:3      | Reached skill level 1 in Conjurations
  1480 | D:3      | Reached skill level 1 in Hexes
  1480 | D:3      | Reached skill level 1 in Charms
  1480 | D:3      | Reached skill level 1 in Summonings
  1480 | D:3      | Reached skill level 1 in Necromancy
  1480 | D:3      | Reached skill level 1 in Translocations
  1480 | D:3      | Reached skill level 1 in Transmutations
  1480 | D:3      | Reached skill level 1 in Fire Magic
  1480 | D:3      | Reached skill level 1 in Ice Magic
  1480 | D:3      | Reached skill level 1 in Air Magic
  1480 | D:3      | Reached skill level 1 in Earth Magic
  1480 | D:3      | Reached skill level 1 in Poison Magic
  1563 | D:3      | Found a faded altar of an unknown god.
  1642 | D:3      | Found a shadowy altar of Dithmenos.
  1755 | D:3      | Reached XP level 5. HP: 42/47 MP: 6/6
  2393 | D:4      | Upgraded the game from 0.22-a0-322-g60b3cfd to 0.22-a0-346-ga714374
  2397 | D:4      | Found an opulent altar of Gozag.
  2576 | D:4      | Reached XP level 6. HP: 49/53 MP: 8/8
  2806 | D:4      | Found a staircase to the Ecumenical Temple.
  2827 | Temple   | Entered the Ecumenical Temple
  2956 | Temple   | Became a worshipper of Cheibriados the Contemplative
  3430 | D:5      | Entered Level 5 of the Dungeon
  3537 | D:5      | Found a glowing silver altar of Zin.
  3566 | D:5      | Reached XP level 7. HP: 54/59 MP: 10/10
  3726 | D:5      | Reached skill level 7 in Fighting
  3729 | D:5      | Reached * piety under Cheibriados
  3741 | D:5      | Slain by an ogre

Vault maps used:
D:1:      minmay_arrival_split_and_join
D:2:      nicolae_overflow_hidden_temple, serial_curves, eino_curves_02,
          eino_curves_04
D:3:      chequers_ecumenical_altar_twisty, grunt_dithmenos_smoke
D:4:      grunt_gozag_statues, temple_pool_b, first_ration
D:5:      nicolae_ru_great_annihilating_truth, basic_altar, serial_shops,
          nicolae_shop_overgrown_old_shop
Temple:   dpeg_five_rooms_temple

Skill      XL: |  1  2  3  4  5  6  7 |
---------------+----------------------+-----
Stealth        | 6 |  6.4
Invocations    | 1 2 |  2.5
Axes           | 1 2 |  2.3
Maces & Flails | 1 2 |  2.3
Polearms       | 1 2 |  2.3
Staves         | 1 2 |  2.3
Slings         | 1 2 |  2.3
Bows           | 1 2 |  2.3
Crossbows      | 1 2 |  2.3
Throwing       | 1 2 |  2.3
Armour         | 1 2 |  2.3
Unarmed Combat | 1 2 |  2.3
Spellcasting   | 1 2 |  2.3
Evocations     | 1 2 |  2.3
Conjurations   | 1 |  1.8
Hexes          | 1 |  1.8
Charms         | 1 |  1.8
Summonings     | 1 |  1.8
Necromancy     | 1 |  1.8
Translocations | 1 |  1.8
Transmutations | 1 |  1.8
Fire Magic     | 1 |  1.8
Ice Magic      | 1 |  1.8
Air Magic      | 1 |  1.8
Earth Magic    | 1 |  1.8
Poison Magic   | 1 |  1.8
Short Blades   | 3 |  3.5
Long Blades    | 3 |  3.5
Dodging        | 3 |  3.5
Shields        | 3 |  3.5
Fighting       | 7 |  7.0

Action                   |  1- 3 |  4- 6 |  7- 9 || total
-------------------------+-------+-------+-------++-------
Melee: Dagger            |   110 |   379 |   109 ||   598
       Bite              |     9 |    36 |     6 ||    51
       Punch             |       |     1 |       ||     1
  Use: Scroll            |       |     6 |       ||     6
 Stab: Sleeping          |     6 |     8 |       ||    14
  Eat: Chunk             |       |     9 |     1 ||    10
Armor: Robe              |    25 |     2 |       ||    27
       Scale mail        |       |   132 |    36 ||   168
Dodge: Dodged            |    78 |   172 |    39 ||   289

Table legend:
 A = Spawn XP
 B = Non-spawn XP
 C = Spawn XP percentage of total XP
 D = Spawn monster count
 E = Non-spawn monster count
 F = Spawn count percentage of total count
 G = Total turns spent on level
                    A         B        C        D         E        F      G
               +---------+---------+-------+---------+---------+-------+---------
         Total |       0 |     743 |   0.0 |       0 |     109 |   0.0 |  3741
               +---------+---------+-------+---------+---------+-------+---------
           D:1 |       0 |      57 |   0.0 |       0 |      24 |   0.0 |   918
           D:2 |       0 |      73 |   0.0 |       0 |      24 |   0.0 |   549
           D:3 |       0 |     156 |   0.0 |       0 |      33 |   0.0 |   925
           D:4 |       0 |     200 |   0.0 |       0 |      13 |   0.0 |   877
           D:5 |       0 |     244 |   0.0 |       0 |      14 |   0.0 |   311
        Temple |       0 |      13 |   0.0 |       0 |       1 |   0.0 |   161
               +---------+---------+-------+---------+---------+-------+---------
